 Dungeon Crawl Stone Soup version 0.21.0-24-g2553a33 (webtiles) character file.

41 pstr the Digger (level 3, -2/28 HPs)
             Began as a Naga Earth Elementalist on Jan 19, 2018.
             Slain by an orc
             ... wielding a +0 flail of protection
              (3 damage)
             ... on level 3 of the Dungeon.
             The game lasted 00:03:18 (1113 turns).

pstr the Digger (Naga Earth Elementalist)           Turns: 1113, Time: 00:03:19

Health: -2/28      AC:  2    Str: 10    XL:     3   Next: 52%
Magic:  1/7        EV: 10    Int: 16    God:
Gold:   46         SH:  0    Dex: 11    Spells: 6/7 levels left

rFire    . . .     SeeInvis +   (no weapon)
rCold    . . .     Gourm    .   (no shield)
rNeg     . . .     Faith    .   c - +0 robe
rPois    +         Spirit   .   (no helmet)
rElec    .         Reflect  .   (no cloak)
rCorr    .         Harm     .   (no gloves)
MR       .....                  (no barding)
Stlth    +.........             (no amulet)
HPRegen  0.09/turn              a - ring of loudness (curse)
MPRegen  0.10/turn              (no ring)

@: very slow
A: large, see invisible, deformed body, poison resistance, slowness 2, slow
metabolism 1, spit poison 1, AC +1
a: Spit Poison


You were on level 3 of the Dungeon.
You were not hungry.

You visited 1 branch of the dungeon, and saw 3 of its levels.

You collected 46 gold pieces.

Inventory:

Hand Weapons
 f - a +0 club
 j - a +0 vampiric hand axe
Missiles
 b - 18 stones (quivered)
 l - 14 arrows
Armour
 c - a +0 robe (worn)
 m - a +0 leather armour
Jewellery
 a - a cursed ring of loudness (left hand)
Scrolls
 h - a scroll of identify {unknown}
 i - a scroll of enchant weapon {unknown}
Potions
 g - 2 potions of invisibility {unknown}
 k - 2 potions of flight {unknown}
Books
 e - a book of Geomancy

   Spells                             Type                      Level
   a - Sandblast                      Earth                        1
   b - Passwall                       Transmutation/Earth          2
   c - Stone Arrow                    Conjuration/Earth            3
   d - Petrify                        Transmutation/Earth          4
   e - Lee's Rapid Deconstruction     Earth                        5
Comestibles
 d - 3 rations
 n - a chunk of flesh


   Skills:
 + Level 0.1 Fighting
 + Level 1.7 Dodging
 + Level 3.1 Stealth
 + Level 2.6 Spellcasting
   Level 1.0 Transmutations
 + Level 3.7 Earth Magic


You had 6 spell levels left.
You knew the following spells:

 Your Spells              Type           Power        Failure   Level  Hunger
a - Sandblast             Erth           ##....       4%          1    #......


Dungeon Overview and Level Annotations

Branches:
Dungeon (3/15)

Altars:
Okawaru


Innate Abilities, Weirdness & Mutations

You cannot wear boots.
Your serpentine skin is tough. (AC +1)
You have supernaturally acute eyesight. (SInv)
Armour fits poorly on your strangely shaped body.
Your system is resistant to poisons. (rPois)
You cover ground very slowly.
You have a slow metabolism.
You can spit poison.


Message History

You climb downwards.
There is a stone staircase leading up here.
Casting: Sandblast
Confirm with . or Enter, or press ? or * to list all spells.
Aiming: Sandblast
Press: ? - help, Shift-Dir - straight line, f - orc
Aim: an orc, wielding a flail of protection and wearing a leather armour The blast of sand hits the orc.
The orc is lightly wounded.
b - 19 stones The orc barely misses you.
Casting: Sandblast
Confirm with . or Enter, or press ? or * to list all spells.
Aiming: Sandblast
Press: ? - help, Shift-Dir - straight line, f/p - orc
Aim: an orc, wielding a flail of protection and wearing a leather armour (lightly wounded)
The blast of sand misses the orc.
b - 18 stones The orc hits you with a flail of protection.
You die... ########. #@o...... #########

You could see an orc.

Vanquished Creatures
  4 dart slugs
  An orc (D:2)
  4 bats (D:1)
  3 giant cockroaches (D:1)
  3 goblins
  3 hobgoblins (D:1)
  2 frilled lizards (D:1)
  6 kobolds (D:1)
  6 rats (D:1)
32 creatures vanquished.

Notes
Turn   | Place    | Note
-------+----------+-------------------------------------------
     0 | D:1      | pstr the Naga Earth Elementalist began the quest for the Orb.
     0 | D:1      | Reached XP level 1. HP: 15/15 MP: 3/3
   192 | D:1      | Reached XP level 2. HP: 22/22 MP: 1/5
   598 | D:1      | Reached XP level 3. HP: 28/28 MP: 1/6
   973 | D:2      | Found an iron altar of Okawaru.
  1107 | D:2      | HP: 1/28 [orc priest/divine providence (10)]
  1113 | D:3      | Slain by an orc

Action                   || total
-------------------------++-------
 Cast: Sandblast         ||    52
 Abil: Spit Poison       ||     6
  Eat: Chunk             ||     1
Armor: Robe              ||     8
Dodge: Dodged            ||    30
